 Dungeon Crawl Stone Soup version 0.32-a0-999-gfa1cc04b1d (webtiles) character file.

Game seed: 16138526703064227541

60829 jasper the Brawler (level 15, 0/144 HPs)
             Began as a Naga Fighter on Apr 24, 2024.
             Was a High Priest of Cheibriados.
             Slain by an ettin
             ... wielding a +0 dire flail
              (37 damage)
             ... on level 1 of the Orcish Mines.
             The game lasted 00:29:24 (15361 turns).

jasper the Brawler (Naga Fighter)                  Turns: 15361, Time: 00:29:25

Health: 0/144      AC: 21    Str: 35    XL:     15   Next: 0%
Magic:  24/24      EV:  6    Int: 30    God:    Cheibriados [*****.]
Gold:   657        SH:  7    Dex: 31    Spells: 13/14 levels left

rFire   . .          .
                       - Unarmed
rCold   . . .        b - +0 buckler
rNeg    . . .        r - melded +0 plate armour
rPois   +            V - +2 helmet {Int+3}
rElec   .            y - +0 cloak
rCorr   .            (no gloves)
SInv    +            q - +4 barding {Fly}
Will    +....        j - amulet of regeneration
Stlth   ++           x - +6 ring of dexterity
HPRegen 1.24/turn    z - +4 ring of protection
MPRegen 0.19/turn

%: no passive effects
@: maw-form, flying, very slow
A: devouring maw, AC +5, large, see invisible, deformed body, poison resistance,
slowness 2, spit poison 1, naga tail 2
a: Spit Poison, Begin Untransformation, Renounce Religion, Bend Time, Temporal
Distortion, Slouch, Step From Time


You were on level 1 of the Orcish Mines.
You worshipped Cheibriados.
Cheibriados was extremely pleased with you.
You were a creature with a mouth for a stomach.
You visited 4 branches of the dungeon, and saw 19 of its levels.
You also visited: Sewer.

You collected 1684 gold pieces.
You spent 1027 gold pieces at shops.

Inventory:

Missiles
 e - 193 stones
Armour
 a - a +0 scale mail
 b - a +0 buckler (worn)
 g - a +0 helmet
 q - a +4 barding of flying (worn)
 r - a +0 plate armour (melded)
 v - +0 acid dragon scales
 y - a +0 cloak (worn)
 A - a +1 hat
 O - a +2 hat of willpower
 V - a +2 helmet of intelligence (worn)
Jewellery
 j - an amulet of regeneration (around neck)
 x - a +6 ring of dexterity (left hand)
 z - a +4 ring of protection (right hand)
 E - a ring of ice
 I - an amulet of the acrobat
 U - a +5 ring of evasion
Talismans
 H - a maw talisman (active)
Wands
 m - a wand of flame (30)
 s - a wand of charming (7)
 B - a wand of roots (9)
 L - a wand of acid (4)
 T - a wand of mindburst (8)
Scrolls
 o - 10 scrolls of teleportation
 C - 3 scrolls of poison
 D - a scroll of enchant armour
 G - 6 scrolls of fear
 J - 2 scrolls of amnesia
 M - 2 scrolls of fog
 N - a scroll of enchant weapon
 S - a scroll of blinking
Potions
 c - 3 potions of enlightenment
 d - 4 potions of lignification
 f - 4 potions of haste
 h - 2 potions of heal wounds
 i - 3 potions of degeneration
 k - 4 potions of mutation
 l - 3 potions of resistance
 n - 7 potions of curing
 p - 2 potions of ambrosia
 t - 2 potions of invisibility
 u - 5 potions of attraction
 w - 2 potions of brilliance
 F - 2 potions of berserk rage
 P - 2 potions of magic
 Q - a potion of might
 R - 2 potions of cancellation
Miscellaneous
 K - a phantom mirror


   Skills:
 + Level 11.8 Fighting
 - Level 2.4 Armour
 - Level 5.0 Shields
 * Level 15.9 Unarmed Combat
 - Level 12.0 Invocations
 - Level 5.0 Evocations
 + Level 11.1 Shapeshifting


You had 13 spell levels left.
You knew the following spells:

 Your Spells              Type           Power      Damage    Failure   Level
a - Apportation           Tloc           0%         N/A       11%         1

Your spell library contained the following spells:

 Spells                   Type           Power      Damage    Failure   Level
 Magic Dart               Conj           0%         1d3       11%         1
 Necrotise                Necr           0%         1d4       11%         1
 Sandblast                Erth           0%         2d4       11%         1
 Sting                    Conj/Alch      0%         1d3       11%         1
 Summon Small Mammal      Summ           0%         N/A       11%         1
 Cigotuvi's Dreadful Rot  Necr/Alch/Air  0%         N/A       16%         2
 Searing Ray              Conj           0%         2d4       16%         2
 Static Discharge         Conj/Air       0%         3-3/arc   16%         2
 Call Canine Familiar     Summ           0%         N/A       32%         3
 Fugue of the Fallen      Necr           0%         N/A       32%         3
 Inner Flame              Hex/Fire       0%         N/A       32%         3
 Ozocubu's Armour         Ice            0%         N/A       32%         3
 Passwall                 Erth           0%         N/A       32%         3
 Stone Arrow              Conj/Erth      0%         3d7       32%         3
 Volatile Blastmotes      Fire/Tloc      0%         2d10      32%         3
 Airstrike                Air            0%         2d(0-16)  71%         4
 Animate Armour           Summ/Erth      0%         N/A       71%         4
 Fulminant Prism          Conj/Alch      0%         3d5       71%         4
 Summon Blazeheart Golem  Fire/Summ      0%         N/A       71%         4
 Summon Lightning Spire   Summ/Air       0%         N/A       71%         4
 Vhi's Electric Charge    Tloc/Air       0%         N/A       71%         4
 Irradiate                Conj/Alch      0%         3d11      96%         5
 Gell's Gavotte           Tloc           0%         2d(11-16) 100%        6
 Magnavolt                Erth/Air       0%         3d9       100%        7
 Manifold Assault         Tloc           0%         N/A       100%        7
 Summon Hydra             Summ           0%         N/A       100%        7
 Ignition                 Fire           0%         3d3       100%        8
 Summon Horrible Things   Summ           0%         N/A       100%        8


Dungeon Overview and Level Annotations

Branches:
Dungeon (11/15)            Temple (1/1) D:6            Lair (5/5) D:11
 Shoals (0/4) Lair:2       Spider (0/4) Lair:3        Slime (0/5) Lair:5
    Orc (2/2) D:9             Elf (0/3) Orc:2         Sewer (visited)

Altars:
Ashenzari
Cheibriados
Dithmenos
Elyvilon
Fedhas
Gozag
Hepliaklqana
Makhleb
Nemelex Xobeh
Okawaru
Qazlal
Ru
Sif Muna
Trog
Uskayaw
Vehumet
Wu Jian
Yredelemnul
Zin
The Shining One
Beogh
Jiyva

Shops:
D:1 *   D:3 *   Orc:1 *   Orc:2 [:*[=

Annotations:
D:3 3 runed translucent doors, olmar's ghost, amateur MDFE
D:5 2 transporters, scarr's ghost, amateur MDMo
Lair:1 2 transporters, Loveship's ghost, journeyman TrFi
Lair:5 3 runed translucent doors, NotBatman's ghost, journeyman TrFi


Innate Abilities, Weirdness & Mutations

You are a creature with a mouth for a stomach.
Your midsection houses a second, enormous mouth.
Your serpentine skin is tough. (AC +5)
You have supernaturally acute eyesight. (SInv)
Armour fits poorly on your strangely shaped body.
Your system is resistant to poisons. (rPois)
You cover ground very slowly.
You can spit poison.
You can use your snake-like lower body to constrict enemies.


Message History

The orc wizard flickers and vanishes for a moment.
The orc wizard hits you but does no damage.
The ettin completely misses you.
The ettin hits you with a +0 great mace!
The orc wizard hits you but does no damage.
The orc moves out of view.
You hear a shout!
Items here: )) [[.
You take 80 damage, and have 61/144 hp.
MASSIVE DAMAGE!!
The ettin attacks as it pursues you! The ettin barely misses you.
You block the ettin's attack.
The ettin hits you with a +0 dire flail!!
The ettin hits you with a +0 great mace!
* * * LOW HITPOINT WARNING * * *
The ettin hits you with a +0 dire flail.
* * * LOW HITPOINT WARNING * * *
The ettin hits you with a +0 great mace.
* * * LOW HITPOINT WARNING * * *
You take 32 damage, and have 29/144 hp.
MASSIVE DAMAGE!!
You feel much better. You block the ettin's attack.
The ettin hits you with a +0 great mace.
You regained 22 hp, and now have 51/144 hp.
You feel much better.
An orc warrior comes into view. It is wielding a +0 war axe.
The ettin hits you with a +0 dire flail!!
* * * LOW HITPOINT WARNING * * *
The ettin hits you with a +0 great mace.
* * * LOW HITPOINT WARNING * * *
An orc warlord comes into view.
It is wielding a +0 glaive and wearing a +0 plate armour of poison resistance.
You take 16 damage, and have 35/144 hp.
The orc warlord shouts!
The orc warrior shouts!
You pummel the ettin!!
The ettin is moderately wounded.
You hear a shout! x2; You hear a howl!
You hear a shout!
You hit the ettin but do no damage. You bite the ettin!
The ettin is heavily wounded.
You hear a shout!
The ettin hits you with a +0 dire flail!!!
You die...
Cheibriados appreciates the motionlessness of death.

...#### ### ...#.#
###. o..$. ##...
#...### ##.... #..o..
## #..... #.... #$#
###...
..#.#.oo##..### #...
..o...oC#.....## ####
#......#W......## ###
#.....##........##
##..
##..####..#.#....#
##... .^# #....##
##..>####.... .
#....####.....##.....
#......##....# ###...
##.....#..>.# ##..
##....#....# #..
##.......## ##.


You could see an orc warlord, an ettin, 2 orc warriors, 2 orc wizards and an
orc.

Vanquished Creatures
  Gastronok (Lair:2)
  2 dire elephants (Lair:5)
  4 hydras
  Fannar (D:10)
  A boulder beetle (Lair:3)
  4 ogre magi (Orc:2)
  A centaur warrior (D:10)
  14 two-headed ogres (Orc:2)
  A death yak (Lair:5)
  A skyshark (Lair:2)
  A fire crab (Lair:5)
  The ghost of crux the Insei, a novice OpSh (D:6)
  An orc knight (Orc:1)
  An obsidian bat (Orc:2)
  2 necromancers (Lair:5)
  Pikel (D:9)
  2 oklob plants (Lair:3)
  2 manticores (Lair:2)
  An orc sorcerer (Orc:1)
  A cyclops (D:10)
  4 black mambas
  8 elephants
  13 cane toads
  Maggie (D:7)
  5 rime drakes
  A kobold demonologist (D:11)
  7 komodo dragons
  4 polar bears
  2 hornets
  13 blink frogs
  9 dream sheep
  Sigmund (D:3)
  3 slime creatures (D:11)
  3 culicivoras (Lair:3)
  A wyvern (Lair:2)
  A wraith (D:11)
  A shadow (D:9)
  43 yaks
  Grum (Lair:1)
  A basilisk (Lair:4)
  2 steam dragons
  2 wargs
  3 vampire mosquitoes (D:8)
  2 acid dragons (D:10)
  Duvessa (D:6)
  24 water moccasins
  14 orc warriors
  24 ogres (Orc:2)
  A black bear (D:7)
  4 centaurs
  16 wolves
  4 lemures (D:9)
  2 phantoms
  Blork the orc (D:4)
  15 bullfrogs
  3 kobold brigands (D:11)
  6 scorpions
  6 wights
  Dowan (D:6)
  3 killer bees (D:8)
  3 howler monkeys (D:7)
  3 bombardier beetles
  4 hounds
  2 jellies
  14 orc priests
  3 iguanas
  Natasha (D:3)
  A sleepcap (D:6)
  13 orc wizards
  Robin (D:2)
  11 gnolls
  20 adders
  2 river rats (Sewer)
  2 shadow imps (D:6)
  3 white imps
  2 ufetubi (D:6)
  4 dart slugs
  3 ribbon worms
  61 orcs
  15 ball pythons
  8 endoplasms
  4 giant cockroaches
  21 goblins
  8 hobgoblins
  4 jackals (Sewer)
  3 quokkas
  15 bats
  12 frilled lizards
  16 kobolds
  4 rats
562 creatures vanquished.

Vanquished Creatures (others)
  An acid dragon (D:6)
1 creature vanquished.

Grand Total: 563 creatures vanquished

Notes
Turn   | Place    | Note
-------+----------+-------------------------------------------
     0 | D:1      | jasper the Naga Fighter began the quest for the Orb.
     0 | D:1      | Reached XP level 1. HP: 21/21 MP: 1/1
   100 | D:1      | Reached XP level 2. HP: 28/28 MP: 2/2
   168 | D:1      | Found Nack's General Store.
   399 | D:1      | Reached XP level 3. HP: 34/34 MP: 3/3
   652 | D:2      | Noticed Robin
   666 | D:2      | Reached skill level 3 in Unarmed Combat
   670 | D:2      | Killed Robin
   898 | D:2      | Reached XP level 4. HP: 42/42 MP: 4/4
   947 | D:2      | Got the Codex of Gusty Erosion
  1662 | D:3      | Noticed Sigmund
  1676 | D:3      | Killed Sigmund
  1677 | D:3      | Reached skill level 4 in Unarmed Combat
  1677 | D:3      | Reached XP level 5. HP: 50/50 MP: 5/5
  1677 | D:3      | Reached XP level 6. HP: 57/57 MP: 6/6
  1723 | D:3      | Found a runed translucent gate.
  1723 | D:3      | Found a runed translucent gate.
  1725 | D:3      | Found a runed translucent gate.
  2133 | D:3      | Found a faded altar of an unknown god.
  2450 | D:3      | Found Bixuboh's Assorted Antiques.
  2455 | D:3      | Bought a pink potion for 17 gold pieces
  2455 | D:3      | Bought a gluggy clear potion for 17 gold pieces
  2455 | D:3      | Bought a scroll labelled MUKOVO NEGACSA for 19 gold pieces
  2500 | D:3      | Noticed Natasha
  2506 | D:3      | Killed Natasha
  2592 | D:3      | Noticed olmar's ghost (amateur MDFE)
  2613 | D:3      | Acquired a +0 barding of flying
  2637 | D:4      | Reached skill level 5 in Unarmed Combat
  2651 | D:4      | Reached XP level 7. HP: 64/66 MP: 7/7
  2853 | D:4      | Noticed Blork the orc
  2867 | D:4      | Killed Blork the orc
  2953 | D:4      | Reached skill level 6 in Unarmed Combat
  3178 | D:4      | Reached skill level 5 in Fighting
  3470 | D:5      | Entered Level 5 of the Dungeon
  3515 | D:5      | Reached XP level 8. HP: 55/74 MP: 8/8
  3678 | D:5      | Found a transporter.
  3678 | D:5      | Noticed scarr's ghost (amateur MDMo)
  3703 | D:5      | Found a transporter.
  3724 | D:5      | Found a stormy altar of Qazlal.
  3892 | D:5      | Found a bloodstained altar of Trog.
  4097 | D:6      | Reached skill level 5 in Shields
  4121 | D:6      | Reached skill level 7 in Unarmed Combat
  4189 | D:6      | Found a glowing drain.
  4196 | Sewer    | Entered a sewer
  4699 | D:6      | Got the Codex of Creation
  4793 | D:6      | Reached skill level 1 in Evocations
  4888 | D:6      | Found a runed translucent gate.
  4888 | D:6      | Noticed crux's ghost (novice OpSh)
  4889 | D:6      | Found a runed translucent gate.
  4889 | D:6      | Identified the +6 chain mail of Resonance {Str+4 Dex+4
                  | Slay-2}
  4890 | D:6      | Found a runed translucent gate.
  4893 | D:6      | Found a roughly hewn altar of Beogh.
  4937 | D:6      | Killed crux's ghost
  4938 | D:6      | Reached skill level 8 in Unarmed Combat
  4938 | D:6      | Reached XP level 9. HP: 81/85 MP: 9/9
  5045 | D:6      | Noticed Duvessa
  5045 | D:6      | Noticed Dowan
  5067 | D:6      | Killed Duvessa
  5078 | D:6      | Killed Dowan
  5161 | D:6      | Found a staircase to the Ecumenical Temple.
  5274 | Temple   | Entered the Ecumenical Temple
  5282 | Temple   | Became a worshipper of Cheibriados the Contemplative
  5380 | D:6      | Reached skill level 9 in Unarmed Combat
  5429 | D:7      | Noticed Maggie
  5437 | D:7      | Killed Maggie
  5853 | D:7      | Reached * piety under Cheibriados
  5874 | D:7      | Noticed a hornet
  5884 | D:7      | Reached skill level 10 in Unarmed Combat
  5884 | D:7      | Reached XP level 10. HP: 94/94 MP: 10/10
  5888 | D:7      | Reached skill level 5 in Evocations
  6178 | D:8      | Reached ** piety under Cheibriados
  6334 | D:8      | Reached skill level 1 in Invocations
  6950 | D:8      | Learned a level 1 spell: Apportation
  6962 | D:8      | Found a glowing silver altar of Zin.
  7058 | D:9      | Reached skill level 11 in Unarmed Combat
  7205 | D:9      | Reached *** piety under Cheibriados
  7255 | D:9      | Reached XP level 11. HP: 24/104 MP: 12/14
  7271 | D:9      | Reached skill level 12 in Unarmed Combat
  7446 | D:9      | Noticed Pikel
  7461 | D:9      | Killed Pikel
  7557 | D:9      | Found a staircase to the Orcish Mines.
  7801 | D:10     | Entered Level 10 of the Dungeon
  7807 | D:10     | Noticed a cyclops
  7815 | D:10     | Killed a cyclops
  7816 | D:10     | Reached skill level 5 in Invocations
  7985 | D:10     | Noticed Fannar
  7986 | D:10     | Found a basalt altar of Yredelemnul.
  8001 | D:10     | Killed Fannar
  8055 | D:10     | Noticed a centaur warrior
  8065 | D:10     | Killed a centaur warrior
  8272 | D:10     | Reached **** piety under Cheibriados
  8327 | D:10     | Reached skill level 13 in Unarmed Combat
  8778 | D:11     | Found a staircase to the Lair.
  8795 | D:11     | Reached skill level 10 in Fighting
  8929 | D:11     | Reached XP level 12. HP: 85/116 MP: 17/17
  9081 | D:11     | Reached ***** piety under Cheibriados
  9485 | Lair:1   | Entered Level 1 of the Lair of Beasts
  9631 | Lair:1   | Found a transporter.
  9633 | Lair:1   | Noticed Grum
  9650 | Lair:1   | Killed Grum
  9677 | Lair:1   | Reached skill level 14 in Unarmed Combat
 10013 | Lair:1   | Found a transporter.
 10015 | Lair:1   | Noticed Loveship's ghost (journeyman TrFi)
 10133 | Lair:1   | Reached skill level 10 in Invocations
 10226 | Lair:1   | Reached skill level 1 in Shapeshifting
 10728 | Lair:2   | Gained mutation: You can use your snake-like lower body to
                  | constrict enemies. [Naga growth]
 10728 | Lair:2   | Reached XP level 13. HP: 124/124 MP: 21/21
 10793 | Lair:2   | Found a staircase to the Shoals.
 10944 | Lair:2   | Noticed Gastronok
 10971 | Lair:2   | Killed Gastronok
 11444 | Lair:3   | Reached skill level 5 in Shapeshifting
 11832 | Lair:3   | Reached ****** piety under Cheibriados
 11845 | Lair:3   | Found a hole to the Spider Nest.
 13038 | Lair:5   | Entered Level 5 of the Lair of Beasts
 13132 | Lair:5   | Found a staircase to the Slime Pits.
 13132 | Lair:5   | Found a viscous altar of Jiyva.
 13267 | Lair:5   | Reached XP level 14. HP: 133/133 MP: 23/23
 13268 | Lair:5   | Found a runed translucent gate.
 13268 | Lair:5   | Found a runed translucent gate.
 13273 | Lair:5   | Found a runed translucent gate.
 13288 | Lair:5   | Identified the +1 mace of Defiance {freeze, rC+}
 13373 | Lair:5   | Reached skill level 10 in Shapeshifting
 13668 | Lair:5   | Noticed NotBatman's ghost (journeyman TrFi)
 13958 | Lair:5   | Noticed a dire elephant
 13958 | Lair:5   | Noticed a dire elephant
 13959 | Lair:5   | Noticed a dire elephant
 13959 | Lair:5   | Noticed a dire elephant
 13959 | Lair:5   | Noticed a dire elephant
 13959 | Lair:5   | Noticed a dire elephant
 13972 | Lair:5   | Killed a dire elephant
 13974 | Lair:5   | Killed a dire elephant
 14320 | Orc:1    | Entered Level 1 of the Orcish Mines
 14347 | Orc:1    | Found Dehirgh's Assorted Antiques.
 14458 | Orc:1    | Bought a scroll of fear for 136 gold pieces
 14630 | Orc:2    | Entered Level 2 of the Orcish Mines
 14653 | Orc:2    | Found Asmeoxty's Armour Emporium.
 14665 | Orc:2    | Bought a +2 helmet of intelligence for 344 gold pieces
 15004 | Orc:2    | Found a staircase to the Elven Halls.
 15033 | Orc:2    | Reached skill level 15 in Unarmed Combat
 15055 | Orc:2    | Found Epuvvutu's Antique Armour Emporium.
 15056 | Orc:2    | Found Cetaonwu's Jewellery Shop.
 15151 | Orc:2    | Reached XP level 15. HP: 143/144 MP: 24/24
 15183 | Orc:2    | Found Lummece's General Store.
 15183 | Orc:2    | Found Esho's Book Boutique.
 15200 | Orc:2    | Bought a book of Spontaneous Combustion for 494 gold pieces
 15359 | Orc:1    | Noticed an orc warlord
 15361 | Orc:1    | Slain by an ettin

Illustrated notes

Levels and vault maps discovered:
D:1:      reono_arrival_mine, layout_rooms, serial_shops,
          nicolae_shop_tiny_statue_garden
D:2:      layout_basic, chequers_serial_rivers_micro_e, minmay_octomino_e4,
          uniq_robin
D:3:      layout_loops_corners, gammafunk_ghost_necromancy, serial_shops, shop,
          shapermc_ecumenical_altar_acropolis, minmay_misc_feat_tower,
          nicolae_figureground_pulse, uniq_sigmund, uniq_natasha
D:4:      layout_basic, mainiacjoe_ossuary_entry_dusty_tomb, minmay_door_square,
          minmay_snake_closets, uniq_blork_the_orc
D:5:      layout_rooms, lemuel_round_altar, trog_hazing_becter,
          gammafunk_ghost_mausoleum
D:6:      layout_rooms, nicolae_overflow_hidden_temple,
          minmay_temple_entry_poolview, cheibrodos_sewer_entry_bend,
          biasface_ghost_orc_armoury, uniq_duvessa
D:7:      layout_basic, kennysheep_potato, uniq_maggie
D:8:      layout_basic, zin_scriptorium
D:9:      layout_basic, orc_0_dummy, uniq_pikel
D:10:     layout_small_grid, yredelemnul_altar_generic, serial_glass,
          glass_columns_c, glass_columns_c, glass_columns_a, glass_columns_c,
          uniq_fannar
D:11:     layout_irregular_city, david_lair_shrubbed, serial_column_ruins,
          column_ruins_square_large, column_ruins_open_tiny,
          column_ruins_grid_1, column_ruins_grid_2, column_ruins_open_medium,
          column_ruins_grid_1
Temple:   nicolae_temple_bog_church
Lair:1:   layout_long_grid, gammafunk_ghost_berserking_beasts,
          hangedman_lair_generics_rect, grunt_megastairs_4, uniq_grum
Lair:2:   layout_roguey, minmay_shoals_entry_beasts, uniq_gastronok
Lair:3:   layout_roguey, hellmonk_spider_entry_life_and_decay, dpeg_oklob_1,
          grunt_megastairs_1
Lair:4:   layout_loops_ring, infiniplex_staircase_pool
Lair:5:   due_jungle_book, layout_small_grid, slime_entry_1, gammafunk_ghost_icy
Orc:1:    layout_diamond_mine, serial_shops, shop, basic_altar
Orc:2:    st_orc_ogre_mass, layout_diamond_mine, serial_shops,
          nicolae_shop_mannequins

Skill      XL: |  1  2  3  4  5  6  7  8  9 10 11 12 13 14 |
---------------+-------------------------------------------+-----
Shields        | 3 4 5 |  5.0
Unarmed Combat | 3 4 5 6 8 10 11 13 14 15 | 15.9
Fighting       | 4 5 6 7 8 10 11 | 11.8
Evocations     | 3 4 5 |  5.0
Invocations    | 4 6 11 12 | 12.0
Shapeshifting  | 3 9 11 | 11.1
Armour         | |  2.4

Action                     |  1- 3 |  4- 6 |  7- 9 | 10-12 | 13-15 || total
---------------------------+-------+-------+-------+-------+-------++-------
  Melee: Unarmed           |   131 |    89 |   423 |   609 |   398 ||  1650
         Constrict         |       |       |       |       |   118 ||   118
         Maw               |       |       |       |       |    75 ||    75
 Invoke: Slouch            |       |       |       |     1 |     8 ||     9
Ability: Spit Poison       |    15 |    24 |    55 |    20 |    12 ||   126
  Evoke: Wand              |       |       |     6 |     3 |       ||     9
         Phantom mirror    |       |       |       |       |     1 ||     1
    Use: Scroll            |     3 |     3 |    15 |     7 |     5 ||    33
         Potion            |       |     1 |     2 |     2 |     2 ||     7
   Stab: Invisible         |       |       |       |     2 |       ||     2
         Distracted        |       |       |       |       |     1 ||     1
 Armour: Scale mail        |   100 |    59 |    41 |       |       ||   200
         Plate armour      |       |       |   440 |   679 |   283 ||  1402
         Acid dragon scale |       |       |       |       |    18 ||    18
         Skin              |       |       |       |       |   215 ||   215
  Dodge: Dodged            |    54 |    24 |    24 |    55 |    85 ||   242
  Block: Buckler           |    27 |    19 |   114 |   217 |   181 ||   558
   Form: Maw               |       |       |       |       |     1 ||     1

Table legend: (Time is in decaauts)
 A = Elapsed time spent in this place.
 B = Non-inter-level travel time spent in this place.
 C = Inter-level travel time spent in this place.
 D = Time resting spent in this place.
 E = Time spent auto-exploring this place.
 F = Levels seen in this place.
 G = Mean time per level.
                   A        B        C        D        E       F      G
               +--------+--------+--------+--------+--------+-----+--------+
         Total |  27950 |  26251 |   1699 |    308 |  21026 |  20 | 1397.5 |
       Dungeon |  14207 |  13351 |    856 |     97 |  10637 |  11 | 1291.5 |
        Temple |     25 |      2 |     23 |      0 |      0 |   1 |   25.0 |
          Lair |  10663 |   9940 |    723 |    194 |   8109 |   5 | 2132.6 |
  Orcish Mines |   2401 |   2305 |     96 |     17 |   1845 |   2 | 1200.5 |
         Sewer |    652 |    652 |      0 |      0 |    434 |   1 |  652.0 |
               +--------+--------+--------+--------+--------+-----+--------+

Top non-repeatable levels by time:
  Lair:5: 2525 daAuts
  Lair:3: 2233 daAuts
  Lair:1: 2156 daAuts
    D:11: 1940 daAuts
  Lair:2: 1936 daAuts
     D:8: 1834 daAuts
  Lair:4: 1811 daAuts
   Orc:2: 1652 daAuts
    D:10: 1566 daAuts
     D:3: 1464 daAuts
     D:9: 1357 daAuts
     D:6: 1204 daAuts
     D:7: 1118 daAuts
     D:2: 1085 daAuts
     D:4: 1066 daAuts
